 Dungeon Crawl Stone Soup version 0.19-a0-45-g2c295ea (webtiles) character file.

76 Kenran the Chopper (level 4, -1/39 HPs)
             Began as a Hill Orc Fighter on May 5, 2016.
             Slain by a gnoll
             ... wielding a +2 spear of venom
              (2 damage)
             ... on level 2 of the Dungeon.
             The game lasted 00:04:31 (1477 turns).

Kenran the Chopper (Hill Orc Fighter)               Turns: 1477, Time: 00:04:32

Health: -1/39      AC:  6    Str: 19    XL:     4   Next: 32%
Magic:  4/4        EV:  7    Int:  8    God:
Gold:   94         SH:  9    Dex: 10    Spells: 0 memorised, 3 levels left

rFire  . . .     SeeInvis .     a - +0 war axe
rCold  . . .     Gourm    .     b - +0 scale mail
rNeg   . . .     Faith    .     c - +0 shield
rPois  .         Spirit   .     (no helmet)
rElec  .         Dismiss  .     (no cloak)
rCorr  .         Reflect  .     (no gloves)
SustAt .         Harm     .     (no boots)
MR     .....                    (no amulet)
Stlth  ..........               (no ring)
                                (no ring)

@: lethally poisoned (-1 -> -41), not resistant to hostile enchantments,
extremely unstealthy
A: no striking features
a: no special abilities


You were on level 2 of the Dungeon.
You were not hungry.

You visited 1 branch of the dungeon, and saw 2 of its levels.

You collected 94 gold pieces.

Inventory:

Hand Weapons
 a - a +0 war axe (weapon)
Armour
 b - a +0 scale mail (worn)
 c - a +0 shield (worn)
Scrolls
 i - a scroll of amnesia {unknown}
 n - a scroll of identify {unknown}
 o - a scroll of fog {unknown}
Potions
 d - a potion of might
 e - a potion of lignification {unknown}
 h - a potion of flight {unknown}
 j - a potion of cancellation
 k - a potion of agility {unknown}
 p - a potion of ambrosia {unknown}
 q - a potion of mutation {unknown}
 r - a potion of degeneration {unknown}
Comestibles
 f - 3 bread rations
 g - 2 meat rations
 l - 3 chunks of flesh
 m - 2 slices of pizza


   Skills:
 - Level 3.6 Fighting
 + Level 5.9 Axes
 - Level 3.2 Armour
 - Level 3.2 Shields


You had 3 spell levels left.
You didn't know any spells.

Dungeon Overview and Level Annotations

Branches:
Dungeon (2/15)

Altars:


Message History

You hit the gnoll.
The gnoll is lightly wounded.
* * * LOW HITPOINT WARNING * * *
You feel very sick. You block the gnoll's attack.
You are too injured to fight recklessly!
You are too injured to fight recklessly!
Drink which item? (? for menu, Esc to quit)
It was a potion of cancellation.
You feel magically purged.
* * * LOW HITPOINT WARNING * * *
You feel sick.
The gnoll hits you with a spear of venom.
* * * LOW HITPOINT WARNING * * *
You are more poisoned.
You barely miss the gnoll.
The gnoll is lightly wounded.
* * * LOW HITPOINT WARNING * * *
You feel very sick.
The gnoll hits you with a spear of venom.
You die...

#.............(.#
##....g........##
##......#.....##
#....##########
#.#.##
##.#.###############
#....#......gg.....#
#..#)..#########g###
#....### ##)@#
...### #..## ...#
#.## .#.# ##.# ##.#
#..# ##.#### #.##
......# #.# ......#
### ....>.#


You could see a gnoll.

Vanquished Creatures
  2 gnolls (D:2)
  An adder (D:2)
  2 worms (D:2)
  2 dart slugs
  3 giant cockroaches (D:2)
  8 goblins
  5 hobgoblins
  5 kobolds (D:2)
  2 ball pythons
  3 bats
  2 giant newts (D:1)
  4 rats
39 creatures vanquished.

Notes
Turn   | Place    | Note
--------------------------------------------------------------
     0 | D:1      | Kenran the Hill Orc Fighter began the quest for the Orb.
     0 | D:1      | Reached XP level 1. HP: 19/19 MP: 1/1
    91 | D:1      | Reached skill level 3 in Axes
   441 | D:1      | Reached XP level 2. HP: 26/26 MP: 2/2
   604 | D:1      | Reached skill level 4 in Axes
   863 | D:2      | Reached XP level 3. HP: 28/31 MP: 3/3
   974 | D:2      | Reached skill level 5 in Axes
  1099 | D:2      | Reached XP level 4. HP: 25/39 MP: 4/4
  1477 | D:2      | HP: 1/39 [poisoned by a gnoll]
  1477 | D:2      | Slain by a gnoll

Vault maps used:
D:1:      lemuel_arrival_behind_the_door_small, minmay_curled_crystal,
          serial_bayou_lake_a
D:2:      first_bread

Skill      XL: |  1  2  3 |
---------------+----------+-----
Axes           | 3 4 5 |  5.9
Fighting       | |  3.6
Armour         | |  3.2
Shields        | |  3.2

Action                   |  1- 3 |  4- 6 || total
-------------------------+-------+-------++-------
Melee: War axe           |   100 |    13 ||   113
  Use: Potion            |       |     1 ||     1
  Eat: Chunk             |     1 |     1 ||     2
Armor: Scale mail        |    37 |     2 ||    39
Dodge: Dodged            |    20 |     6 ||    26
Block: Shield            |    57 |     8 ||    65
